 Dungeon Crawl Stone Soup version 0.25-a0-294-gea9b1ad378 (webtiles) character file.

Game seed: 5373642851156152407, levelgen mode: classic

17684 Borgoz the Carver (level 12, -10/75 HPs)
             Began as a Gargoyle Fighter on Dec 18, 2019.
             Was a Believer of Ashenzari.
             Mangled by an enormous slime creature (23 damage)
             ... on level 12 of the Dungeon.
             The game lasted 00:28:01 (13132 turns).

Borgoz the Carver (Gargoyle Fighter)               Turns: 13132, Time: 00:28:02

Health: -10/75     AC: 24    Str: 24    XL:     12   Next: 50%
Magic:  0/10       EV: 15    Int:  7    God:    Ashenzari [**....]
Gold:   358        SH:  0    Dex: 13    Spells: 21/21 levels left

rFire    . . .     SeeInvis .   a - +1 long sword (curse)
rCold    . . .     Gourm    .   (no shield)
rNeg     + + +     Faith    .   l - +2 scale mail of the Flute {rN+++ rCorr MP-9 Slay+3} (curse)
rPois    ∞         Spirit   +   p - +0 helmet "Wytey" {Regen+ rCorr Int-4}
rElec    +         Reflect  .   s - scarf {Spirit}
rCorr    +         Harm     .   H - +2 pair of gloves {archery}
MR       ++...                  (no boots)
Stlth    ..........             (no amulet)
HPRegen  0.62/turn              y - ring of protection from magic
MPRegen  0.12/turn              D - ring of protection from magic

@: mighty
A: negative energy resistance 1, electricity resistance, unbreathing,
petrification resistance, rot immunity, AC +8
a: Curse Item, Scrying, Renounce Religion


You were on level 12 of the Dungeon.
You worshipped Ashenzari.
Ashenzari was pleased with you.
You were not hungry.

You visited 2 branches of the dungeon, and saw 13 of its levels.
You also visited: Ossuary.

You collected 754 gold pieces.
You spent 396 gold pieces at shops.

Inventory:

Hand Weapons
 a - a cursed +1 long sword (weapon)
 o - a +4 scimitar of freezing
Armour
 l - the cursed +2 scale mail of the Flute (worn) {rN+++ rCorr MP-9 Slay+3}
   (You bought it in a shop on level 5 of the Dungeon)

   It affects your accuracy and damage with ranged weapons and melee attacks
   (+3).
   It renders you almost immune to negative energy.
   It affects your magic capacity (-9).
   It provides partial protection from all sources of acid and corrosion.
   It has a curse placed upon it.
 p - the +0 helmet "Wytey" (worn) {Regen+ rCorr Int-4}
   (You found it on level 9 of the Dungeon)

   It affects your intelligence (-4).
   It increases your rate of regeneration.
   It provides partial protection from all sources of acid and corrosion.
 s - a scarf of spirit shield (worn)
 H - a +2 pair of gloves of archery (worn)
Jewellery
 b - an uncursed ring of positive energy
 g - an uncursed ring of ice
 y - a ring of protection from magic (left hand)
 D - a ring of protection from magic (right hand)
Wands
 r - a wand of digging (5)
 C - a wand of acid (12)
 E - a wand of scattershot (5)
 I - a wand of disintegration (12)
Scrolls
 h - 2 scrolls of fog
 j - 4 scrolls of identify
 n - a scroll of magic mapping
 q - 3 scrolls of remove curse
 t - a scroll of enchant weapon
 x - a scroll of blinking
 z - a scroll of amnesia
 A - 4 scrolls of teleportation
 B - a scroll of summoning
 G - 4 scrolls of fear
Potions
 c - 2 potions of lignification
 d - a potion of might
 e - 3 potions of brilliance
 i - 3 potions of flight
 k - a potion of agility
 m - 3 potions of magic
 v - a potion of invisibility
 w - a potion of resistance
 F - a potion of curing
Comestibles
 f - 26 rations
 u - 6 chunks of flesh


   Skills:
 + Level 8.6 Fighting
 + Level 11.0(13.0) Long Blades
 + Level 10.3 Armour
 + Level 8.7 Dodging
   Level 3.2 Shields
 - Level 5.0 Spellcasting


You had 21 spell levels left.
You didn't know any spells.
Your spell library contained the following spells:

 Spells                   Type           Power        Failure   Level  Hunger
 Beastly Appendage        Tmut           #.....       50%         1    #......
 Magic Dart               Conj           #...         50%         1    #......
 Sandblast                Erth           #.....       50%         1    #......
 Blink                    Tloc           N/A          65%         2    ###....
 Call Imp                 Summ           #.......     65%         2    ###....
 Passwall                 Tmut/Erth      #.......     65%         2    ###....
 Slow                     Hex            #.......     65%         2    ###....
 Sticks to Snakes         Tmut           #.......     65%         2    ###....
 Conjure Flame            Conj/Fire      #.......     86%         3    ###....
 Mephitic Cloud           Conj/Pois/Air  #.......     86%         3    ###....
 Spider Form              Tmut/Pois      #.........   86%         3    ###....
 Stone Arrow              Conj/Erth      #.....       86%         3    ###....
 Ice Form                 Ice/Tmut       #.......     99%         4    #####..
 Petrify                  Tmut/Erth      #.......     99%         4    #####..
 Blade Hands              Tmut           #.........   100%        5    ######.
 Lee's Rapid Deconstruct  Erth           #.........   100%        5    ######.


Dungeon Overview and Level Annotations

Branches:
Dungeon (12/15)            Temple (1/1) D:7            Lair (0/6) D:10
    Orc (0/2) D:10        Ossuary (visited)

Altars:
Ashenzari
Cheibriados
Dithmenos
Elyvilon
Fedhas
Gozag
Hepliaklqana
Kikubaaqudgha
Makhleb
Nemelex Xobeh
Okawaru
Qazlal
Ru
Sif Muna
Trog
Uskayaw
Vehumet
Wu Jian
Xom
Yredelemnul
Zin
The Shining One

Shops:
D:5 [   D:7 !

Annotations:
D:11 2 transporters


Innate Abilities, Weirdness & Mutations

You are resistant to torment.
Your stone body is resilient. (AC +8)
You are immune to poison.
You resist negative energy. (rN+)
You are resistant to electric shocks. (rElec)
You can survive without breathing.
You are immune to petrification.
You are immune to rotting.


Message History

The burst of metal fragments hits the enormous slime creature.
The burst of metal fragments hits the enormous slime creature! x2
The enormous slime creature is heavily wounded.
The enormous slime creature completely misses you.
Evoke which item? (* to show all) (? for menu, Esc to quit)
Aiming: Scattershot
Press: ? - help, Shift-Dir - straight line, f/p - enormous slime creature
Aim: an enormous slime creature (heavily wounded)
The burst of metal fragments hits the enormous slime creature! x4
The enormous slime creature is severely wounded.
The enormous slime creature hits you.
* * * LOW HITPOINT WARNING * * *
Evoke which item? (* to show all) (? for menu, Esc to quit)
Aiming: Scattershot
Press: ? - help, Shift-Dir - straight line, f/p - enormous slime creature
Aim: an enormous slime creature (severely wounded)
The burst of metal fragments hits the enormous slime creature! x4
The enormous slime creature is almost dead.
The enormous slime creature hits you!!
You die...

..........######
...............#
...............#
,
######.........#
* #..######.#
#..# #.# #..#
#.# , #..# #.# ,
#..* #@# .. *,
#J# .. #.# ..
*#..######.# ..
, ..........# ..
..........# ..
...######## # .
#


You could see an enormous slime creature.

Vanquished Creatures
  2 centaur warriors (D:11)
  A two-headed ogre (D:8)
  A tengu warrior (D:11)
  3 death yaks (D:10)
  An unseen horror (D:10)
  2 ugly things
  A manticore (D:12)
  4 trolls
  A queen bee (D:8)
  A slime creature (D:11)
  A meliai zombie (D:11)
  Sigmund (D:4)
  11 yaks
  2 wraiths
  A wyvern (D:9)
  A hungry ghost (D:12)
  Duvessa (D:5)
  A swamp drake (D:10)
  2 porcupines (D:10)
  2 necrophages
  2 sky beasts (D:6)
  6 orc warriors
  3 ice beasts
  3 ogres
  4 phantoms
  9 centaurs
  A crocodile (D:9)
  12 bullfrogs
  Dowan (D:5)
  A water moccasin zombie (D:7)
  6 scorpions
  3 wyvern skeletons
  19 killer bees
  5 wights
  2 howler monkeys
  5 crimson imps
  5 bullfrog zombies
  A centaur zombie (D:11)
  2 quasits
  5 hounds
  3 bullfrog skeletons
  6 orc priests
  2 jellies (D:7)
  11 orc wizards
  5 centaur skeletons
  4 iguanas
  15 mummies (Ossuary)
  2 hell rats (D:10)
  6 worker ants
  A killer bee zombie (Ossuary)
  5 hound zombies
  A howler monkey zombie (D:9)
  2 worker ant zombies
  3 gnolls (D:4)
  16 adders
  A river rat (D:10)
  3 shadow imps
  An ooze (D:3)
  An adder skeleton (D:4)
  2 adder zombies
  2 worms
  11 dart slugs
  7 leopard geckos
  50 orcs
  11 giant cockroaches
  4 goblins
  6 hobgoblins
  2 jackals (D:2)
  8 quokkas
  6 bats
  5 frilled lizards
  A jackal skeleton (D:8)
  A jackal zombie (Ossuary)
  4 kobolds
  3 leopard gecko zombies
  A quokka zombie (Ossuary)
  8 rats
355 creatures vanquished.

Vanquished Creatures (others)
  A withered plant (Ossuary)
1 creature vanquished.

Grand Total: 356 creatures vanquished

Notes
Turn   | Place    | Note
-------+----------+-------------------------------------------
     0 | D:1      | Borgoz the Gargoyle Fighter began the quest for the Orb.
     0 | D:1      | Reached XP level 1. HP: 14/14 MP: 1/1
   209 | D:1      | Reached skill level 2 in Long Blades
   265 | D:1      | Reached XP level 2. HP: 19/19 MP: 2/2
   903 | D:2      | Reached skill level 1 in Dodging
   903 | D:2      | Reached XP level 3. HP: 11/23 MP: 3/3
  1583 | D:3      | Reached XP level 4. HP: 27/28 MP: 4/4
  1682 | D:3      | Reached skill level 3 in Long Blades
  1984 | D:3      | Reached XP level 5. HP: 32/32 MP: 5/5
  3058 | D:4      | Reached XP level 6. HP: 36/37 MP: 4/6
  3239 | D:4      | Noticed Sigmund
  3259 | D:4      | Killed Sigmund
  3259 | D:4      | Reached skill level 4 in Long Blades
  3259 | D:4      | Reached XP level 7. HP: 41/41 MP: 7/7
  3556 | D:5      | Entered Level 5 of the Dungeon
  3652 | D:5      | Noticed Dowan
  3653 | D:5      | Noticed Duvessa
  3690 | D:5      | Killed Duvessa
  3690 | D:5      | Reached skill level 5 in Long Blades
  3690 | D:5      | Reached skill level 5 in Armour
  3720 | D:5      | HP: 2/41 [Dowan/stone arrow (13)]
  3723 | D:5      | Killed Dowan
  3854 | D:5      | Reached XP level 8. HP: 18/46 MP: 5/8
  4188 | D:5      | Found a sacrificial altar of Ru.
  4255 | D:5      | Found Wiysoefo's Antique Armour Shoppe.
  4523 | D:5      | Reached skill level 5 in Dodging
  4527 | D:5      | Reached skill level 6 in Long Blades
  4655 | D:6      | Found a sand-covered staircase.
  4705 | Ossuary  | Entered an ossuary
  4808 | Ossuary  | Reached XP level 9. HP: 15/51 MP: 2/9
  5221 | Ossuary  | Reached skill level 7 in Long Blades
  5640 | D:6      | Got a warped lead ring
  5710 | D:6      | Identified the ring of Mekak {rPois Int+4} (You found it on
                  | level 6 of the Dungeon)
  6060 | D:5      | Bought a brightly glowing scale mail for 216 gold pieces
  6071 | D:5      | Identified the +2 scale mail of the Flute {rN+++ rCorr MP-9
                  | Slay+3} (You bought it in a shop on level 5 of the Dungeon)
  6404 | D:7      | Found a staircase to the Ecumenical Temple.
  6413 | Temple   | Entered the Ecumenical Temple
  6510 | Temple   | Became a worshipper of Ashenzari the Shackled
  6613 | D:7      | Found Enteytui's Distillery.
  7432 | D:7      | Reached skill level 8 in Long Blades
  7526 | D:7      | Reached XP level 10. HP: 42/58 MP: 1/10
  7637 | D:8      | Reached skill level 5 in Fighting
  7779 | D:8      | Noticed a two-headed ogre
  7785 | D:8      | Killed a two-headed ogre
  8175 | D:8      | Reached * piety under Ashenzari
  8362 | D:8      | Found a sacrificial altar of Ru.
  8572 | D:5      | Bought a pair of embroidered gloves for 180 gold pieces
  8648 | D:8      | Reached skill level 9 in Long Blades
  8953 | D:9      | Found a snail-covered altar of Cheibriados.
  9036 | D:9      | Reached skill level 1 in Spellcasting
  9479 | D:9      | Reached XP level 11. HP: 46/66 MP: 4/13
  9985 | D:9      | Got the uncursed helmet "Wytey" {Regen+ rCorr Int-4}
  9991 | D:9      | Identified the +0 helmet "Wytey" {Regen+ rCorr Int-4} (You
                  | found it on level 9 of the Dungeon)
 10224 | D:10     | Entered Level 10 of the Dungeon
 10262 | D:10     | Killed an unseen horror
 10298 | D:10     | Noticed a death yak
 10300 | D:10     | Found a staircase to the Lair.
 10300 | D:10     | Noticed a death yak
 10301 | D:10     | Noticed a death yak
 10325 | D:10     | Killed a death yak
 10325 | D:10     | Reached skill level 10 in Long Blades
 10673 | D:11     | Noticed a cyan ugly thing
 10682 | D:11     | Killed a cyan ugly thing
 10729 | D:11     | Noticed a tengu warrior
 10750 | D:11     | Noticed a centaur warrior
 10753 | D:11     | Identified the +9 flail "Foeg" {freeze, rElec rC- Str+5}
 10857 | D:11     | Found a blossoming altar of Fedhas.
 11042 | D:11     | Found a transporter.
 11060 | D:11     | Reached ** piety under Ashenzari
 11268 | D:11     | Noticed a centaur warrior
 11294 | D:11     | Killed a centaur warrior
 11414 | D:11     | Killed a tengu warrior
 11468 | D:11     | Killed a centaur warrior
 11468 | D:11     | Reached XP level 12. HP: 54/73 MP: 4/18
 11516 | D:11     | Found a transporter.
 11783 | D:10     | Killed a death yak
 11815 | D:10     | Killed a death yak
 11815 | D:10     | Reached skill level 10 in Armour
 11827 | D:10     | Identified the +6 chain mail "Mebas" {+Fly rElec MR-} (You
                  | found it on level 10 of the Dungeon)
 12110 | D:10     | Found a staircase to the Orcish Mines.
 12943 | D:12     | Reached skill level 5 in Spellcasting
 12956 | D:12     | Reached skill level 11 in Long Blades
 13132 | D:12     | Mangled by an enormous slime creature

Levels and vault maps discovered:
D:1:      ebering_trefoil_twist, layout_basic
D:2:      layout_loops_ring
D:3:      kennysheep_slugbush, layout_basic, minmay_misc_feat_roman
D:4:      layout_rooms, first_ration, serial_park_tiny_2, dk_vineyard_2,
          item_on_display_a, uniq_sigmund
D:5:      layout_rooms, lemuel_coloured_pillars_altar, serial_shops, shop,
          uniq_duvessa
D:6:      layout_loops_ring, nicolae_ossuary_entry_monument
D:7:      layout_basic, minmay_temple_entry_wispy, serial_shops, kennysheep_mini
D:8:      layout_rooms, david_nohive_1, hangedman_ru_absence
D:9:      layout_irregular_city, basic_altar
D:10:     wad_pebble_path, layout_basic, dpeg_lair_monsters, erik_orc_1
D:11:     gammafunk_cloud_chamber, layout_stronghold, basic_altar,
          minmay_diamond_spiral
D:12:     layout_small_grid, serial_shops, shop, hex_medium,
          minmay_fractal_squares_5
Temple:   kilobyte_greek_temple

Skill      XL: |  1  2  3  4  5  6  7  8  9 10 11 12 |
---------------+-------------------------------------+-----
Long Blades    | 2 3 4 5 6 8 9 10 11 | 11.0
Dodging        | 1 2 3 4 5 6 7 8 |  8.7
Armour         | 4 5 6 7 8 9 10 | 10.3
Fighting       | 4 6 7 8 |  8.6
Spellcasting   | 1 4 5 |  5.0
Shields        | |  3.2

Action                   |  1- 3 |  4- 6 |  7- 9 | 10-12 || total
-------------------------+-------+-------+-------+-------++-------
Melee: Long sword        |   106 |   162 |   628 |   805 ||  1701
Invok: Curse Item        |       |       |     1 |     1 ||     2
Evoke: Wand              |       |       |       |    12 ||    12
  Use: Scroll            |       |     7 |    11 |     6 ||    24
       Potion            |       |     1 |     4 |     8 ||    13
 Stab: Confused          |       |       |       |     1 ||     1
  Eat: Chunk             |     2 |     6 |    12 |    17 ||    37
       Ration            |       |       |     1 |     1 ||     2
Armor: Scale mail        |    93 |   118 |   160 |   445 ||   816
       Skin              |       |     7 |    23 |    13 ||    43
       Ring mail         |       |       |   164 |       ||   164
Dodge: Dodged            |    80 |   103 |   471 |   514 ||  1168
Block: Shield            |     2 |       |       |       ||     2
       Rpst.: Long sword |    32 |    29 |   156 |   143 ||   360

Table legend:
 A = Non-vault XP
 B = Vault XP
 C = Vault XP percentage of total XP
 D = Non-vault monster count
 E = Vault monster count
 F = Vault count percentage of total count
                 A         B        C        D         E       F
            +---------+---------+-------+---------+---------+-------
      Total |   15695 |    9568 |  37.9 |     262 |      93 |  26.2
            +---------+---------+-------+---------+---------+-------
        D:1 |      16 |       0 |   0.0 |      12 |       0 |   0.0
        D:2 |      76 |       0 |   0.0 |      21 |       0 |   0.0
        D:3 |     141 |      38 |  21.2 |      22 |      10 |  31.2
        D:4 |     140 |     242 |  63.4 |      23 |       1 |   4.2
        D:5 |     779 |     235 |  23.2 |      33 |       2 |   5.7
        D:6 |     859 |       0 |   0.0 |      19 |       0 |   0.0
        D:7 |    1064 |     311 |  22.6 |      31 |       5 |  13.9
        D:8 |    2072 |     868 |  29.5 |      18 |      10 |  35.7
        D:9 |    2736 |       0 |   0.0 |      25 |       0 |   0.0
       D:10 |    2215 |    3568 |  61.7 |      13 |      27 |  67.5
       D:11 |    4143 |    2967 |  41.7 |      30 |       4 |  11.8
       D:12 |    1454 |     647 |  30.8 |      15 |       4 |  21.1
    Ossuary |       0 |     692 | 100.0 |       0 |      30 | 100.0
            +---------+---------+-------+---------+---------+-------
